AoeStats
← Lizzie Borden

Black Forest

510807952Analyzed
3v3 RM · 12h ago on Oct 2, 2026· 64m 11s· 6 players
Game mode
Random Map
Map size
Normal (6 player)
Population
200
Speed
Normal
Resources
Standard
Victory
Conquest
Starting age
Dark Age
Ending age
Imperial Age
RankedLock teamsTeams togetherTeam positionsShared explorationLock speedFull tech treeHidden civsTurbo modeCheats
Victory
Defeat
🇦🇷 Mongols · Argentina
771
+11
🇨🇱 Britons · Chile
716
+13
🇧🇷 Poles · Brazil
605
+18
🇺🇸 Britons · United States
791
-19
🇺🇸 Turks · United States
685
-15
🇺🇸 Teutons · United States
497
-8
xCRAMxI3E4VE
7:03 Loom
12:36 Feudal Age
13:34 Horse Collar
14:34 Double-Bit Axe
23:58 Castle Age
22:18 Bloodlines
23:07 Scale Barding Armor
25:16 Wheelbarrow
30:46 Chain Barding Armor
37:45 Imperial Age
35:32 Fletching
35:43 Padded Archer Armor
35:54 Elite Skirmisher
37:53 Forging
38:54 Conscription
39:03 Crenellations
39:17 Conscription
41:36 Chemistry
43:57 Cavalier
Lizzie Borden
12:01 Feudal Age
17:24 Castle Age
16:33 Horse Collar
16:45 Double-Bit Axe
17:15 Gold Mining
17:42 Stone Mining
18:19 Loom
19:10 Wheelbarrow
18:20 Town Watch
19:29 Heavy Plow
25:19 Bow Saw
29:39 Fletching
29:52 Padded Archer Armor
30:06 Forging
30:02 Scale Barding Armor
32:26 Bodkin Arrow
32:47 Leather Archer Armor
38:52 Imperial Age
36:45 Ballistics
36:21 Murder Holes
36:37 Fortified Wall
37:32 Iron Casting
37:18 Chain Barding Armor
38:57 Caravan
39:56 Bombard Tower
41:00 Hoardings
39:46 Elite Janissary
43:02 Bloodlines
42:53 Husbandry
44:00 Blast Furnace
43:01 Bracer
43:31 Ring Archer Armor
43:37 Plate Barding Armor
MackusAurelius
12:01 Feudal Age
13:02 Loom
14:04 Double-Bit Axe
17:21 Wheelbarrow
22:51 Castle Age
22:28 Fletching
23:33 Padded Archer Armor
23:29 Bodkin Arrow
23:19 Crossbowman
27:01 Caravan
29:11 Bow Saw
32:03 Horse Collar
33:23 Gold Mining
34:56 Leather Archer Armor
37:12 Heavy Plow
40:51 Gold Shaft Mining
40:17 Stone Mining
44:46 Imperial Age
43:41 Forging
43:32 Scale Mail Armor
42:56 Man-at-Arms
43:37 Squires
43:22 Gambesons
44:26 Ballistics
43:46 Long Swordsman
45:06 Iron Casting
44:56 Two-Handed Swordsman
46:19 Champion
50:23 Husbandry
49:47 Light Cavalry
51:40 Cavalier
53:44 Onager
55:10 Scale Barding Armor
58:03 Masonry
62:14 Blast Furnace
61:30 Chain Mail Armor
62:59 Pikeman
64:59 Two-Man Saw
Spartanloko
14:49 Feudal Age
16:20 Double-Bit Axe
17:44 Wheelbarrow
17:51 Town Watch
18:03 Fletching
18:42 Horse Collar
26:17 Castle Age
24:09 Arson
23:47 Man-at-Arms
26:48 Forging
26:39 Scale Mail Armor
26:45 Scale Barding Armor
26:41 Padded Archer Armor
26:58 Heavy Plow
26:52 Gold Mining
27:05 Stone Mining
27:12 Bodkin Arrow
27:46 Bow Saw
28:41 Hand Cart
29:16 Town Patrol
30:07 Caravan
31:33 Iron Casting
31:14 Chain Mail Armor
31:16 Leather Archer Armor
32:25 Stone Shaft Mining
32:11 Husbandry
32:22 Bloodlines
31:45 Light Cavalry
33:29 Chain Barding Armor
38:05 Imperial Age
38:17 Ballistics
37:40 Treadmill Crane
37:52 Guard Tower
39:10 Conscription
40:13 Chemistry
38:45 Cavalier
39:50 Arrowslits
41:59 Plate Mail Armor
42:30 Blast Furnace
41:37 Loom
42:25 Crop Rotation
43:00 Szlachta Privileges
44:19 Elite Obuch
45:04 Squires
44:24 Pikeman
44:25 Long Swordsman
45:05 Winged Hussar
52:09 Lechitic Legacy
53:41 Bracer
65:04 Hoardings
64:00 Sappers
moraa.rodrigoo20
11:36 Feudal Age
16:50 Castle Age
15:32 Double-Bit Axe
17:53 Horse Collar
18:26 Bow Saw
19:31 Heavy Plow
23:16 Padded Archer Armor
23:06 Fletching
26:04 Wheelbarrow
25:44 Bodkin Arrow
26:05 Leather Archer Armor
30:52 Imperial Age
29:22 Hand Cart
29:01 Town Watch
31:46 Ballistics
31:08 Treadmill Crane
31:42 Masonry
32:34 Chemistry
32:25 Bracer
32:56 Ring Archer Armor
34:31 Two-Man Saw
34:22 Gold Mining
34:22 Stone Mining
34:27 Elite Longbowman
36:41 Yeomen
36:51 Yeomen
36:31 Warwolf
36:29 Heated Shot
37:12 Architecture
38:36 Gold Shaft Mining
49:33 Gambesons
49:48 Squires
49:34 Arson
49:09 Pikeman
xime
0:34 Loom
13:23 Feudal Age
17:23 Castle Age
16:19 Double-Bit Axe
20:47 Scale Barding Armor
22:47 Horse Collar
26:01 Wheelbarrow
31:44 Imperial Age
30:07 Bow Saw
29:51 Man-at-Arms
31:29 Padded Archer Armor
32:31 Leather Archer Armor
31:51 Long Swordsman
33:24 Conscription
39:07 Two-Handed Swordsman
40:36 Ballistics
40:13 Elite Skirmisher
41:29 Fletching
44:05 Bodkin Arrow
45:48 Thumb Ring
46:03 Elite Mangudai
47:09 Pikeman
51:08 Chemistry
52:46 Heavy Scorpion
58:49 Squires
59:59 Cavalier
61:44 Bloodlines
64:21 Scale Mail Armor
Connection lost

Rejoining the realm…

Still unreachable

The connection could not be restored.

Session expired

The server has moved on; the page needs a fresh start.